PBL
SOUTHERN MARYLAND BLUE CRABS @ NIAGARA FALLS PHANTOMS
10/28/2044
 
TOP OF THE 1ST
Wichita State University Shockers batting - Pitching for University of Minnesota Golden Gophers : RHP Dave Jackson
Pitching: RHP Dave Jackson
Batting: RHB Mike Savage 0-0: Foul Ball, location: 2F
0-1: Ground out 4-3 (Groundball, 4, EV 78.8 MPH)
Batting: LHB Ralph Braine 0-0: Ball
1-0: Foul Ball, location: 2F
1-1: Ball
2-1: Ball
3-1: Base on Balls
Batting: RHB Malik Brookshire 0-0: Foul Ball, location: 2F
0-1: Fly out, F8 (Flyball, 8RD, EV 85.6 MPH)
Batting: RHB Bryan Peterson 0-0: Called Strike
0-1: Ball
1-1: Swinging Strike
1-2: Ball
2-2: Fielders Choice at 2nd, 6-4 (Groundball, 6, EV 85.0 MPH)
Top of the 1st over - 0 runs, 0 hits, 0 errors, 1 left on base; Wichita State University 0 - University of Minnesota 0
BOTTOM OF THE 1ST
University of Minnesota Golden Gophers batting - Pitching for Wichita State University Shockers : RHP Adam Huemmer
Pitching: RHP Adam Huemmer
Batting: RHB Josh Shay 0-0: Ball
1-0: Ball
2-0: Fly out, F6 (Popup, 4MD, EV 56.3 MPH)
Batting: RHB Willie Benito 0-0: Ball
1-0: Foul Ball, location: 2F
1-1: Foul Ball, location: 2F
1-2: Foul Ball, location: 2F
1-2: Ball
2-2: Strikes out swinging
Batting: RHB Devin Lowery 0-0: Ball
1-0: Foul Ball, location: 2F
1-1: Foul Ball, location: 2F
1-2: Foul Ball, location: 2F
1-2: SINGLE (Line Drive, 7LS, EV 88.1 MPH)
Batting: SHB Alex Montoya 0-0: Swinging Strike
0-1: Fly out, F8 (Line Drive, 8RD, EV 90.0 MPH)
Bottom of the 1st over - 0 runs, 1 hit, 0 errors, 1 left on base; Wichita State University 0 - University of Minnesota 0
TOP OF THE 2ND
Wichita State University Shockers batting - Pitching for University of Minnesota Golden Gophers : RHP Dave Jackson
Batting: RHB Scott Wiggs 0-0: Ball
1-0: Ball
2-0: Reached on error, E6 (Groundball, P, EV 86.9 MPH)
Batting: LHB Bobby Arevalo 0-0: Ball
1-0: Ball
2-0: Fly out, F8 (Line Drive, 8LM, EV 105.0 MPH)
Batting: RHB Jimmy Mayville 0-0: Called Strike
0-1: SINGLE (Groundball, 56D, EV 100.0 MPH)
Scott Wiggs to third
Batting: RHB Jose Jimenez 0-0: Foul Ball, location: 2F
0-1: Fly out, F9 (Flyball, 9S, EV 93.1 MPH)
Batting: RHB Adam Huemmer 0-0: Called Strike
0-1: Ball
1-1: Ground out 4-3 (Groundball, 4, EV 101.9 MPH)
Top of the 2nd over - 0 runs, 1 hit, 1 error, 2 left on base; Wichita State University 0 - University of Minnesota 0
BOTTOM OF THE 2ND
University of Minnesota Golden Gophers batting - Pitching for Wichita State University Shockers : RHP Adam Huemmer
Batting: LHB Felipe Gomez 0-0: Called Strike
0-1: Ball
1-1: Ball
2-1: Fly out, F7 (Flyball, 78S, EV 85.0 MPH)
Batting: RHB Lamar Thornton 0-0: Foul Ball, location: 2F
0-1: Foul Ball, location: 2F
0-2: Ball
1-2: Ball
2-2: SINGLE (Line Drive, 89M, EV 107.5 MPH)
Batting: SHB Francisco Gutierrez 0-0: Ball
1-0: Called Strike
1-1: Foul Ball, location: 2F
1-2: Ball
2-2: Foul Ball, location: 2F
2-2: Strikes out looking
Batting: RHB Chris Bittner 0-0: Ball
1-0: Ball
2-0: Foul Ball, location: 2F
2-1: Foul Ball, location: 2F
2-2: Strikes out looking
Bottom of the 2nd over - 0 runs, 1 hit, 0 errors, 1 left on base; Wichita State University 0 - University of Minnesota 0
TOP OF THE 3RD
Wichita State University Shockers batting - Pitching for University of Minnesota Golden Gophers : RHP Dave Jackson
Batting: RHB Mike Savage 0-0: Foul Ball, location: 2F
0-1: Ball
1-1: Foul Ball, location: 2F
1-2: Ground out 4-3 (Groundball, 4, EV 110.0 MPH)
Batting: LHB Ralph Braine 0-0: Ball
1-0: Foul Ball, location: 2F
1-1: Called Strike
1-2: Ball
2-2: Foul Ball, location: 2F
2-2: Strikes out swinging
Batting: RHB Malik Brookshire 0-0: Called Strike
0-1: Fly out, F9 (Flyball, 9S, EV 76.3 MPH)
Top of the 3rd over - 0 runs, 0 hits, 0 errors, 0 left on base; Wichita State University 0 - University of Minnesota 0
BOTTOM OF THE 3RD
University of Minnesota Golden Gophers batting - Pitching for Wichita State University Shockers : RHP Adam Huemmer
Batting: RHB Dave Jackson 0-0: Foul Ball, location: 2F
0-1: Ball
1-1: Fly out, F4 (Flyball, 34D, EV 86.3 MPH)
Batting: RHB Josh Shay 0-0: Called Strike
0-1: Called Strike
0-2: Foul Ball, location: 2F
0-2: Ball
1-2: Foul Ball, location: 2F
1-2: Foul Ball, location: 2F
1-2: Strikes out swinging
Batting: RHB Willie Benito 0-0: Swinging Strike
0-1: Ball
1-1: Called Strike
1-2: Reached on error, E4 (Groundball, 4, EV 90.6 MPH)
Batting: RHB Devin Lowery 0-0: Foul Ball, location: 2F
0-1: Swinging Strike
0-2: Fielders Choice at 2nd, 5-4 (Groundball, 5L, EV 81.3 MPH)
Bottom of the 3rd over - 0 runs, 0 hits, 1 error, 1 left on base; Wichita State University 0 - University of Minnesota 0
TOP OF THE 4TH
Wichita State University Shockers batting - Pitching for University of Minnesota Golden Gophers : RHP Dave Jackson
Batting: RHB Bryan Peterson 0-0: Ball
1-0: Swinging Strike
1-1: Swinging Strike
1-2: Strikes out swinging
Batting: RHB Scott Wiggs 0-0: SINGLE (Line Drive, 8LS, EV 96.9 MPH)
Batting: LHB Bobby Arevalo 0-0: Foul Ball, location: 2F
0-1: Swinging Strike
0-2: Foul Ball, location: 2F
0-2: Ball
1-2: Strikes out swinging
Batting: RHB Jimmy Mayville 0-0: Foul Ball, location: 2F
0-1: Swinging Strike
0-2: Foul Ball, location: 2F
0-2: Ball
Scott Wiggs steals 2nd base
1-2: Ball
2-2: Strikes out swinging
Top of the 4th over - 0 runs, 1 hit, 0 errors, 1 left on base; Wichita State University 0 - University of Minnesota 0
BOTTOM OF THE 4TH
University of Minnesota Golden Gophers batting - Pitching for Wichita State University Shockers : RHP Adam Huemmer
Batting: SHB Alex Montoya 0-0: Swinging Strike
0-1: Swinging Strike
0-2: SINGLE (Line Drive, 4D, EV 94.4 MPH)
Batting: LHB Felipe Gomez 0-0: Ball
1-0: Ball
2-0: Called Strike
2-1: Ball
3-1: Base on Balls
Alex Montoya to second
Batting: RHB Lamar Thornton 0-0: Foul Ball, location: 2F
0-1: Called Strike
0-2: Fly out, F8 (Flyball, 78XD, EV 107.5 MPH)
Runner from 2nd tags up, SAFE at 3rd, no throw by CF
Batting: SHB Francisco Gutierrez 0-0: Called Strike
0-1: Swinging Strike
0-2: Ball
1-2: Ball
2-2: Ball
3-2: Strikes out swinging
Batting: RHB Chris Bittner 0-0: Foul Ball, location: 2F
0-1: Ball
1-1: Ball
2-1: Swinging Strike
2-2: Ball
3-2: Base on Balls
Felipe Gomez to second
Batting: RHB Dave Jackson 0-0: Called Strike
0-1: Ball
1-1: Foul Ball, location: 2F
1-2: Ball
2-2: Ball
3-2: Strikes out swinging
Bottom of the 4th over - 0 runs, 1 hit, 0 errors, 3 left on base; Wichita State University 0 - University of Minnesota 0
TOP OF THE 5TH
Wichita State University Shockers batting - Pitching for University of Minnesota Golden Gophers : RHP Dave Jackson
Batting: RHB Jose Jimenez 0-0: Called Strike
0-1: Called Strike
0-2: Ball
1-2: Foul Ball, location: 2F
1-2: Strikes out swinging
Batting: RHB Adam Huemmer 0-0: Ground out 5-3 (Groundball, 56S, EV 69.4 MPH)
Batting: RHB Mike Savage 0-0: SINGLE (Groundball, P, EV 84.4 MPH) (infield hit)
Batting: LHB Ralph Braine 0-0: Ground out 4-3 (Groundball, P, EV 86.3 MPH)
Top of the 5th over - 0 runs, 1 hit, 0 errors, 1 left on base; Wichita State University 0 - University of Minnesota 0
BOTTOM OF THE 5TH
University of Minnesota Golden Gophers batting - Pitching for Wichita State University Shockers : RHP Adam Huemmer
Batting: RHB Josh Shay 0-0: Foul Ball, location: 2F
0-1: Foul Ball, location: 2F
0-2: Foul Ball, location: 2F
0-2: Ball
1-2: Ball
2-2: Ground out 6-3 (Groundball, 56, EV 104.4 MPH)
Batting: RHB Willie Benito 0-0: Called Strike
0-1: Ball
1-1: Ball
2-1: Fly out, F9 (Line Drive, 9, EV 96.9 MPH)
Batting: RHB Devin Lowery 0-0: Called Strike
0-1: Foul Ball, location: 2F
0-2: Ball
1-2: Ground out 5-3 (Groundball, 5, EV 85.0 MPH)
Bottom of the 5th over - 0 runs, 0 hits, 0 errors, 0 left on base; Wichita State University 0 - University of Minnesota 0
TOP OF THE 6TH
Wichita State University Shockers batting - Pitching for University of Minnesota Golden Gophers : RHP Dave Jackson
Batting: RHB Malik Brookshire 0-0: Ground out 6-3 (Groundball, 6M, EV 102.5 MPH)
Batting: RHB Bryan Peterson 0-0: Ball
1-0: Foul Ball, location: 2F
1-1: Foul Ball, location: 2F
1-2: Ground out 6-3 (Groundball, 6M, EV 80.6 MPH)
Batting: RHB Scott Wiggs 0-0: Called Strike
0-1: Called Strike
0-2: Foul Ball, location: 2F
0-2: Ball
1-2: Ball
2-2: Foul Ball, location: 2F
2-2: Strikes out swinging
Top of the 6th over - 0 runs, 0 hits, 0 errors, 0 left on base; Wichita State University 0 - University of Minnesota 0
BOTTOM OF THE 6TH
University of Minnesota Golden Gophers batting - Pitching for Wichita State University Shockers : RHP Adam Huemmer
Batting: SHB Alex Montoya 0-0: Called Strike
0-1: Ball
1-1: Swinging Strike
1-2: Ball
2-2: Fly out, F4 (Line Drive, 4, EV 62.5 MPH)
Batting: LHB Felipe Gomez 0-0: Foul Ball, location: 2F
0-1: Ball
1-1: Called Strike
1-2: Ball
2-2: Fly out, F8 (Flyball, 8RD, EV 100.0 MPH)
Batting: RHB Lamar Thornton 0-0: Ball
1-0: Fly out, F7 (Flyball, 7LS, EV 89.4 MPH)
Bottom of the 6th over - 0 runs, 0 hits, 0 errors, 0 left on base; Wichita State University 0 - University of Minnesota 0
TOP OF THE 7TH
Wichita State University Shockers batting - Pitching for University of Minnesota Golden Gophers : RHP Dave Jackson
Pitching: LHP Andy Gaiser
Batting: LHB Bobby Arevalo 0-0: Swinging Strike
0-1: Ball
1-1: Called Strike
1-2: Foul Ball, location: 2F
1-2: Strikes out looking
Batting: RHB Jimmy Mayville 0-0: Ball
1-0: Ball
2-0: Ball
3-0: Base on Balls
Batting: RHB Jose Jimenez 0-0: Foul Ball, location: 2F
0-1: Called Strike
0-2: Foul Ball, location: 2F
0-2: SINGLE (Groundball, 56S, EV 75.0 MPH) (infield hit)
Jimmy Mayville to second
Batting: RHB Adam Huemmer 0-0: Called Strike
0-1: Swinging Strike
0-2: Sac Bunt to 13S - play at first, batter OUT! 1-4
Jimmy Mayville to third
Jose Jimenez to second
Batting: RHB Mike Savage 0-0: Called Strike
0-1: Called Strike
0-2: Ball
1-2: Ball
2-2: Ball
3-2: Foul Ball, location: 2F
3-2: Ground out 5-3 (Groundball, 56, EV 105.6 MPH)
Top of the 7th over - 0 runs, 1 hit, 0 errors, 2 left on base; Wichita State University 0 - University of Minnesota 0
BOTTOM OF THE 7TH
University of Minnesota Golden Gophers batting - Pitching for Wichita State University Shockers : RHP Adam Huemmer
Batting: SHB Francisco Gutierrez 0-0: SOLO HOME RUN (Flyball, 9D, EV 103.1 MPH), Distance : 364 ft
Batting: RHB Chris Bittner 0-0: Fly out, F5 (Popup, 5DF, EV 51.9 MPH)
Pinch Hitting: RHB David LaGrone 0-0: Ball
1-0: Ball
2-0: Called Strike
2-1: Foul Ball, location: 2F
2-2: Ball
3-2: DOUBLE (Line Drive, 7LM, EV 108.8 MPH)
Batting: RHB Josh Shay 0-0: Intentional Walk
Pitching: RHP Zach Wilson
Batting: RHB Willie Benito 0-0: Fly out, F9 (Flyball, 9D, EV 104.4 MPH)
Runner from 2nd tags up, SAFE at 3rd with throw by RF
Batting: RHB Devin Lowery 0-0: Ball
1-0: Foul Ball, location: 2F
1-1: Foul Ball, location: 2F
1-2: SINGLE (Groundball, 4D, EV 103.1 MPH)
David LaGrone scores
Josh Shay to second
Runner from 2nd tries for 3rd, SAFE, throw by RF made to third
Batting: SHB Alex Montoya 0-0: Called Strike
0-1: Ball
1-1: Ball
2-1: Swinging Strike
2-2: Ground out 4-3 (Groundball, 34D, EV 83.8 MPH)
Bottom of the 7th over - 2 runs, 3 hits, 0 errors, 2 left on base; Wichita State University 0 - University of Minnesota 2
TOP OF THE 8TH
Wichita State University Shockers batting - Pitching for University of Minnesota Golden Gophers : LHP Andy Gaiser
Pitching: LHP Sean McLaughlin
Batting: LHB Ralph Braine 0-0: Ball
1-0: Ball
2-0: Ball
3-0: Called Strike
3-1: Called Strike
3-2: Foul Ball, location: 2F
3-2: SINGLE (Line Drive, 9S, EV 87.5 MPH)
Batting: RHB Malik Brookshire 0-0: Called Strike
0-1: Ball
1-1: SINGLE (Groundball, 4MD, EV 108.1 MPH)
Ralph Braine to second
Runner from 2nd tries for 3rd, SAFE, throw by CF made to third
Batting: RHB Bryan Peterson 0-0: Ball
1-0: Ball
2-0: Called Strike
2-1: Foul Ball, location: 2F
2-2: Ball
3-2: Fly out, F1 (Popup, 15, EV 75.6 MPH)
Pinch Hitting: LHB Terry Ebersole 0-0: Ball
1-0: Foul Ball, location: 2F
1-1: Ball
2-1: Ball
3-1: Foul Ball, location: 2F
3-2: SINGLE (Groundball, 4MD, EV 96.3 MPH)
Ralph Braine scores
Malik Brookshire to second
Pinch Hitting: RHB Juan Caban 0-0: Ball
1-0: Foul Ball, location: 2F
1-1: SINGLE (Groundball, 6M, EV 78.8 MPH) (infield hit)
Malik Brookshire to third
Terry Ebersole to second
Batting: RHB Jimmy Mayville 0-0: Ball
1-0: Ball
2-0: Ball
3-0: Called Strike
3-1: Base on Balls
Malik Brookshire scores
Terry Ebersole to third
Juan Caban to second
Batting: RHB Jose Jimenez 0-0: Ball
1-0: GRAND SLAM HOME RUN (Flyball, 9D, EV 98.1 MPH), Distance : 366 ft
Pitching: RHP Dario McKinnon
Batting: RHB Zach Wilson 0-0: Called Strike
0-1: Swinging Strike
0-2: SINGLE (Groundball, 6D, EV 97.5 MPH)
Batting: RHB Mike Savage 0-0: Ball
1-0: Called Strike
1-1: Ball
2-1: Foul Ball, location: 2F
2-2: Grounds into double play, 4-6-3 (Groundball, 4M, EV 105.0 MPH)
Top of the 8th over - 6 runs, 6 hits, 0 errors, 0 left on base; Wichita State University 6 - University of Minnesota 2
BOTTOM OF THE 8TH
University of Minnesota Golden Gophers batting - Pitching for Wichita State University Shockers : RHP Zach Wilson
Now at 2B: Bob Sneed
Now at 3B: Dave Putnam
Batting: LHB Felipe Gomez 0-0: SINGLE (Flyball, 56D, EV 86.9 MPH)
Batting: RHB Lamar Thornton 0-0: Ball
1-0: Called Strike
1-1: Ball
2-1: Swinging Strike
2-2: Ball
3-2: Base on Balls
Felipe Gomez to second
Batting: SHB Francisco Gutierrez 0-0: 3-RUN HOME RUN (Flyball, 9D, EV 104.4 MPH), Distance : 384 ft
Pitching: RHP Matt Olson
Batting: RHB Chris Bittner 0-0: Foul Ball, location: 2F
0-1: Ball
1-1: Foul Ball, location: 2F
1-2: Ball
2-2: Ground out 6-3 (Groundball, 6, EV 83.1 MPH)
Pinch Hitting: RHB Tom Primmer 0-0: Ball
1-0: Called Strike
1-1: Foul Ball, location: 2F
1-2: Ball
2-2: Ball
3-2: SINGLE (Flyball, 8RS, EV 98.1 MPH)
Batting: RHB Josh Shay 0-0: Ball
1-0: Ball
2-0: Called Strike
2-1: Foul Ball, location: 2F
2-2: Foul Ball, location: 2F
2-2: Grounds into double play, 4-6-3 (Groundball, 4, EV 86.3 MPH)
Bottom of the 8th over - 3 runs, 3 hits, 0 errors, 0 left on base; Wichita State University 6 - University of Minnesota 5
TOP OF THE 9TH
Wichita State University Shockers batting - Pitching for University of Minnesota Golden Gophers : RHP Dario McKinnon
Pitching: LHP Dan DeLair
Batting: LHB Ralph Braine 0-0: Ball
1-0: Foul Ball, location: 2F
1-1: Foul Ball, location: 2F
1-2: Foul Ball, location: 2F
1-2: Ball
2-2: Strikes out swinging
Batting: RHB Malik Brookshire 0-0: Foul Ball, location: 2F
0-1: Ball
1-1: Ball
2-1: Foul Ball, location: 2F
2-2: Strikes out looking
Batting: RHB Bryan Peterson 0-0: Swinging Strike
0-1: Called Strike
0-2: Ball
1-2: Ball
2-2: Ground out 4-3 (Groundball, 34, EV 98.8 MPH)
Top of the 9th over - 0 runs, 0 hits, 0 errors, 0 left on base; Wichita State University 6 - University of Minnesota 5
BOTTOM OF THE 9TH
University of Minnesota Golden Gophers batting - Pitching for Wichita State University Shockers : RHP Matt Olson
Pitching: RHP David Pfaff
Pinch Hitting: LHB Eric Macer 0-0: Ball
1-0: Swinging Strike
1-1: Foul Ball, location: 2F
1-2: Reached on error, E4 (Groundball, 4, EV 88.8 MPH)
Batting: RHB Devin Lowery 0-0: Called Strike
0-1: Ball
1-1: SINGLE (Groundball, 56D, EV 103.1 MPH)
Eric Macer to second
Batting: SHB Alex Montoya 0-0: Foul Ball, location: 2F
0-1: SINGLE (Flyball, 9S, EV 92.5 MPH)
Eric Macer to third
Devin Lowery to second
Batting: LHB Felipe Gomez 0-0: Called Strike
0-1: Called Strike
0-2: Ball
1-2: Grounds into fielders choice 4-2 (Groundball, 4, EV 77.5 MPH)
Devin Lowery to third
Alex Montoya to second
Batting: RHB Lamar Thornton 0-0: Ball
1-0: Ball
2-0: Ball
3-0: Base on Balls
Devin Lowery scores
Alex Montoya to third
Felipe Gomez to second
Batting: SHB Francisco Gutierrez 0-0: Foul Ball, location: 2F
0-1: Ball
1-1: Foul Ball, location: 2F
1-2: Ball
2-2: Ball
3-2: Base on Balls
Alex Montoya scores
Felipe Gomez to third
Lamar Thornton to second
Bottom of the 9th over - 2 runs, 2 hits, 1 error, 0 left on base; Wichita State University 6 - University of Minnesota 7
Game Over ... University of Minnesota defeats Wichita State University, 7 to 6
Thursday, March 31st , 2022 - OOTP Baseball 22.12 Build 89